 Dungeon Crawl Stone Soup version 0.17-a0-1663-gb806841 (webtiles) character file.

5147 mrath the Cleaver (level 10, -6/88 HPs)
             Began as a Minotaur Fighter on Aug 16, 2015.
             Was a Priest of Okawaru.
             Mangled by a warg (10 damage)
             ... on level 8 of the Dungeon.
             The game lasted 01:15:59 (12758 turns).

mrath the Cleaver (Minotaur Fighter)               Turns: 12758, Time: 01:15:59

Health: -6/88      AC: 13    Str: 24    XL:     10   Next: 33%
Magic:  12/12      EV:  7    Int:  5    God:    Okawaru [***...]
Gold:   438        SH: 11    Dex: 10    Spells: 0 memorised, 9 levels left

rFire  + . .     SeeInvis .     D - +2 spear (distort)
rCold  x . .     Clarity  .     b - +0 plate armour
rNeg   . . .     SustAt   .     c - +0 shield
rPois  .         Gourm    .     (helmet restricted)
rElec  .         Spirit   .     (no cloak)
rCorr  .         Warding  .     (no gloves)
rMut   .         Stasis   .     (no boots)
MR     .....                    (no amulet)
Stlth  ..........               (no ring)
                                L - ring of fire

@: about to teleport, not resistant to hostile enchantments, extremely
unstealthy
A: retaliatory headbutt, horns 2
a: Heroism, Renounce Religion


You were on level 8 of the Dungeon.
You worshipped Okawaru.
Okawaru was most pleased with you.
You were not hungry.

You visited 2 branches of the dungeon, and saw 9 of its levels.

You collected 438 gold pieces.

Inventory:

Hand weapons
 a - a +0 war axe
 e - a +0 flail
 w - a +0 hunting sling
 D - a +2 spear of distortion (weapon)
 F - a cursed +2 spear
 H - a +3 morningstar
 T - a +1 flail
Missiles
 i - 363 stones
 r - 86 sling bullets
 v - 16 silver sling bullets
 B - 28 poisoned needles
 R - 10 tomahawks (quivered)
Armour
 b - a +0 plate armour (worn)
 c - a +0 shield (worn)
 G - a +0 chain mail
Jewellery
 L - a ring of fire (left hand)
Magical devices
 o - a wand of flame (24)
 C - a wand of paralysis (14)
 E - a wand of slowing (24)
 N - a wand of fire (6)
Scrolls
 f - a scroll of identify
 g - 4 scrolls of magic mapping {unknown}
 h - a scroll of recharging {unknown}
 k - 5 scrolls of teleportation
 m - a scroll of enchant weapon {unknown}
 n - 3 scrolls of remove curse
 q - a scroll of amnesia {unknown}
 s - a scroll of acquirement {unknown}
 u - 2 scrolls of fog {unknown}
 x - a scroll of enchant armour {unknown}
 y - 3 scrolls of fear {unknown}
 V - a scroll of blinking {unknown}
 W - 2 scrolls of summoning {unknown}
Potions
 d - a potion of might
 j - a potion of cure mutation
 z - 3 potions of brilliance
 A - a potion of curing
 I - a potion of magic {unknown}
 M - a potion of flight {unknown}
 O - a potion of degeneration {unknown}
 P - a potion of lignification {unknown}
 Q - 2 potions of berserk rage {unknown}
 U - a potion of mutation {unknown}
Books
 p - a book of Dreams

   Spells                             Type                      Level
   a - Ensorcelled Hibernation        Hexes/Ice                    2
   b - Phase Shift                    Translocation                5
   c - Shadow Creatures               Summoning                    5
   d - Silence                        Hexes/Air                    5
   e - Darkness                       Hexes                        6
   f - Mass Confusion                 Hexes                        6
 S - a book of Death

   Spells                             Type                      Level
   a - Corpse Rot                     Necromancy                   2
   b - Sublimation of Blood           Necromancy                   2
   c - Agony                          Necromancy                   5
   d - Dispel Undead                  Necromancy                   5
   e - Excruciating Wounds            Charms/Necromancy            5
   f - Bolt of Draining               Conjuration/Necromancy       5
Comestibles
 l - 3 fruits
 t - 2 royal jellies
 J - 6 chunks of flesh
 K - 2 meat rations


   Skills:
 + Level 7.7 Fighting
 - Level 9.3(10.1) Axes
 + Level 6.1(8.6) Polearms
 + Level 7.6 Armour
 + Level 5.9 Dodging
 + Level 7.5 Shields
 + Level 5.0 Invocations


You had 9 spell levels left.
You didn't know any spells.

Dungeon Overview and Level Annotations

Branches:
Dungeon (8/15)             Temple (1/1) D:4
   Lair: D:8-11

Altars:
Ashenzari
Cheibriados
Dithmenos
Elyvilon
Fedhas
Kikubaaqudgha
Makhleb
Nemelex Xobeh
Okawaru
Qazlal
Ru
Trog
Vehumet
Xom
Yredelemnul
Zin
The Shining One


Innate Abilities, Weirdness & Mutations

You reflexively headbutt those who attack you in melee.
You have a pair of horns on your head.


Message History

Read which item? (? for menu, Esc to quit)
As you read the scroll of teleportation, it crumbles to dust.
You feel strangely unstable. The warg bites you.
* * * LOW HITPOINT WARNING * * *
You block the warg's attack. The warg bites you but does no damage.
The warg bites you.
* * * LOW HITPOINT WARNING * * *
The warg bites you.
* * * LOW HITPOINT WARNING * * *
The warg bites you but does no damage.
You puncture the warg!
You kill the warg!
Okawaru accepts your kill.
Your Invocations skill increases to level 5!
You block the warg's attack. The warg bites you but does no damage.
The warg closely misses you. The warg barely misses you.
The warg closely misses you.
You see here a warg corpse.
The warg bites you!
You die...

##'###..##.###
#......#.....
#......'.....
###'###.#####'
#.....#.###...
#.....'...'...
#.....#'###...
#############.........
#...h@................
#P.hh≈≈≈≈≈≈≈≈≈≈≈≈≈≈≈≈≈
#....≈≈≈≈≈≈≈≈≈≈≈≈≈≈≈≈≈
#....≈≈#####≈≈≈≈≈≈≈≈≈≈
#....≈≈#...#..........
#...P≈≈#...###########
#...)≈≈###'#.....#####
#....≈≈≈.#.#.....)....
#....≈≈≈.#.#.....#####


You could see 3 wargs.

Vanquished Creatures
  An orc knight (D:8)
  A hippogriff (D:7)
  8 wargs (D:8)
  3 orc warriors
  An ice beast (D:8)
  A black bear (D:4)
  An ogre (D:6)
  3 centaurs
  A big kobold (D:7)
  A giant frog (D:8)
  12 wights
  A crimson imp (D:5)
  A centaur zombie (D:6)
  A centaur skeleton (D:7)
  A jelly (D:7)
  A giant frog zombie (D:7)
  4 orc priests
  8 orc wizards
  An iguana (D:6)
  3 hounds
  A gnoll shaman (D:5)
  5 worker ants
  A hound skeleton (D:6)
  Robin (D:3)
  15 gnolls
  A worker ant zombie (D:6)
  5 adders
  A shadow imp (D:7)
  2 oozes
  An adder skeleton (D:6)
  3 worms
  4 giant geckos
  50 orcs
  A ball python (D:3)
  10 bats
  12 goblins
  12 hobgoblins
  14 jackals
  2 giant cockroaches (D:4)
  2 giant newts
  16 kobolds
  9 quokkas
  A quokka skeleton (D:8)
  9 rats
232 creatures vanquished.

Vanquished Creatures (others)
  2 orc knights (D:8)
  2 wargs (D:8)
  A black bear (D:8)
  A centaur (D:6)
  A giant frog (D:8)
  A water moccasin zombie (D:5)
  A wight (D:8)
  An orc priest (D:8)
  A gnoll (D:6)
  5 orcs
  A quokka (D:8)
  2 plants (D:8)
19 creatures vanquished.

Grand Total: 251 creatures vanquished

Notes
Turn   | Place    | Note
--------------------------------------------------------------
     0 | D:1      | mrath the Minotaur Fighter began the quest for the Orb.
     0 | D:1      | Reached XP level 1. HP: 19/19 MP: 0/0
   315 | D:1      | Reached XP level 2. HP: 24/26 MP: 1/1
   639 | D:1      | Reached skill level 4 in Axes
   902 | D:1      | Reached XP level 3. HP: 31/31 MP: 2/2
  1890 | D:2      | Reached skill level 5 in Axes
  1901 | D:2      | Reached XP level 4. HP: 39/39 MP: 3/3
  2619 | D:3      | Reached skill level 6 in Axes
  2708 | D:3      | Noticed Robin
  2728 | D:3      | Killed Robin
  2728 | D:3      | Reached XP level 5. HP: 35/45 MP: 4/4
  2955 | D:3      | Found an ancient bone altar of Kikubaaqudgha.
  3724 | D:4      | Found a staircase to the Ecumenical Temple.
  3733 | Temple   | Entered the Ecumenical Temple
  3746 | Temple   | Became a worshipper of Warmaster Okawaru
  4068 | D:4      | Noticed a black bear
  4075 | D:4      | Killed a black bear
  4075 | D:4      | Reached skill level 7 in Axes
  4075 | D:4      | Reached XP level 6. HP: 49/51 MP: 5/5
  4193 | D:4      | Reached skill level 8 in Axes
  4194 | D:4      | Found a shadowy altar of Dithmenos.
  4669 | D:5      | Entered Level 5 of the Dungeon
  5166 | D:5      | Reached skill level 9 in Axes
  5166 | D:5      | Reached XP level 7. HP: 29/57 MP: 6/6
  6086 | D:5      | Reached skill level 1 in Polearms
  6102 | D:6      | Reached skill level 1 in Dodging
  6231 | D:6      | Acquired Okawaru's first power
  6231 | D:6      | Reached skill level 1 in Invocations
  6590 | D:6      | Reached XP level 8. HP: 52/67 MP: 8/8
  7212 | D:6      | Reached skill level 5 in Shields
  7223 | D:6      | Reached skill level 5 in Armour
  7747 | D:6      | Reached skill level 5 in Fighting
  7949 | D:6      | Found a shimmering altar of Xom.
  9669 | D:7      | Reached XP level 9. HP: 64/75 MP: 10/10
 10570 | D:8      | Found a white marble altar of Elyvilon.
 11235 | D:8      | Reached skill level 5 in Polearms
 11675 | D:8      | Noticed an orc knight
 11677 | D:8      | Noticed an orc knight
 11701 | D:8      | Banished an orc knight
 11701 | D:8      | Reached skill level 5 in Dodging
 11749 | D:8      | Killed an orc knight
 11749 | D:8      | Reached XP level 10. HP: 51/86 MP: 12/12
 11797 | D:8      | Noticed an orc knight
 12036 | D:8      | Banished an orc knight
 12755 | D:8      | HP: 4/88 [warg (1)]
 12756 | D:8      | Reached skill level 5 in Invocations
 12758 | D:8      | Mangled by a warg

Vault maps used:
D:1:      roderic_chinese_lattice_arrival, hex_tiny
D:2:      first_bread
D:3:      kiku_gazebo_garden_becter, uniq_robin
D:4:      black_bear_nest_1, temple_hall, grunt_dithmenos_smoke_and_mirrors
D:5:      supply_closet_lemuel, hangedman_decor_riveting
D:6:      kennysheep_mini
D:8:      lemuel_castle_with_subvaults, elyvilon_altar_4
Temple:   nicolae_temple_x_marks_the_god_16

Action                   |  1- 3 |  4- 6 |  7- 9 | 10-12 || total
-------------------------+-------+-------+-------+-------++-------
Melee: War axe           |   108 |   132 |       |       ||   240
       Spear             |       |       |   410 |    96 ||   506
 Fire: Hunting sling     |       |     2 |       |       ||     2
Throw: Stone             |     8 |    18 |    15 |     2 ||    43
       Tomahawk          |     2 |    10 |    25 |    28 ||    65
Invok: Heroism           |       |       |     2 |       ||     2
  Use: Scroll            |       |     5 |     3 |     1 ||     9
       Potion            |       |     1 |     3 |     2 ||     6
  Eat: Chunk             |     1 |     6 |     7 |     3 ||    17
       Bread ration      |     1 |       |     3 |       ||     4
       Pizza             |       |     1 |       |       ||     1
       Beef jerky        |       |     1 |       |       ||     1
